 Dungeon Crawl Stone Soup version 0.27.0-1-g7a089689b8 (webtiles) character file.

Game seed: 15482710750383960954

249 SnakkuSnakku7 the Vexing (level 5, -1/35 HPs)
             Began as a Vampire Conjurer on Aug 15, 2021.
             Slain by an ogre (28 damage)
             ... on level 4 of the Dungeon.
             The game lasted 00:04:13 (3228 turns).

SnakkuSnakku7 the Vexing (Vampire Conjurer)         Turns: 3228, Time: 00:04:13

Health: -1/35      AC:  2    Str:  6    XL:     5   Next: 86%
Magic:  8/8        EV: 12    Int: 22    God:
Gold:   136        SH:  0    Dex: 12    Spells: 1/8 levels left

rFire    . . .     SeeInvis +   b - +2 dagger (venom)
rCold    . . .     Faith    .   (no shield)
rNeg     . . .     Spirit   .   r - +0 robe
rPois    .         Reflect  .   (no helmet)
rElec    .         Harm     .   (no cloak)
rCorr    .         Rampage  .   (no gloves)
Will     .....                  (no boots)
Stlth    ++........             j - amulet of magic regeneration
HPRegen  0.31/turn              (no ring)
MPRegen  0.36/turn              (no ring)

@: healing quickly
A: alive, fangs 3, see invisible, vampiric 2
a: Exsanguinate


You were on level 4 of the Dungeon.
You visited 1 branch of the dungeon, and saw 4 of its levels.

You collected 136 gold pieces.

Inventory:

Hand Weapons
 a - a +4 dagger of electrocution
 b - a +2 dagger of venom (weapon)
Armour
 d - a +2 kite shield
 r - a +0 robe (worn)
Jewellery
 j - an amulet of magic regeneration (around neck)
Scrolls
 c - a scroll of holy word {unknown}
 e - a scroll of noise {unknown}
 f - 2 scrolls of vulnerability {unknown}
 g - a scroll of enchant weapon {unknown}
 k - a scroll of fear {unknown}
 l - 4 scrolls of identify {unknown}
 o - a scroll of blinking {unknown}
 p - a scroll of magic mapping {unknown}
 q - a scroll of immolation {unknown}
 s - a scroll of fog {unknown}
Potions
 h - a potion of might {unknown}
 i - 2 potions of ambrosia {unknown}
 m - a potion of flight {unknown}
 n - a potion of heal wounds {unknown}
 t - a potion of brilliance {unknown}


   Skills:
 - Level 2.1 Dodging
 - Level 3.0 Stealth
 + Level 3.4 Shields
 - Level 2.0 Spellcasting
 - Level 3.7 Conjurations
 + Level 4.2 Hexes


You had one spell level left.
You knew the following spells:

 Your Spells              Type           Power      Damage    Failure   Level
a - Magic Dart            Conj           72%        1d6       3%          1
b - Searing Ray           Conj           36%        3d4       4%          2
c - Fulminant Prism       Conj/Hex       9%         3d7       26%         4

Your spell library contained the following spells:

 Spells                   Type           Power      Damage    Failure   Level
 Summon Small Mammal      Summ           8%         N/A       14%         1
 Dazzling Flash           Conj/Hex       38%        N/A       9%          3
 Summon Guardian Golem    Hex/Summ       11%        N/A       17%         3
 Blink                    Tloc           N/A        N/A       21%         2
 Call Canine Familiar     Summ           2%         N/A       38%         3
 Lesser Beckoning         Tloc           1%         N/A       38%         3
 Iskenderun's Mystic Bla  Conj/Tloc      10%        2d4       54%         4
 Manifold Assault         Tloc           2%         N/A       98%         5


Dungeon Overview and Level Annotations

Branches:
Dungeon (4/15)
 Temple: D:4-7

Altars:
Yredelemnul

Annotations:
D:3 1 runed translucent door, Daunt's ghost, amateur DjFE


Innate Abilities, Weirdness & Mutations

Your natural rate of healing is accelerated.
You have razor-sharp teeth.
You have supernaturally acute eyesight. (SInv)
You are afflicted with vampirism and can become a bat while bloodless.


Message History

A goblin is nearby!
You hit the goblin.
The goblin is poisoned.
The goblin is heavily wounded.
The goblin closely misses you.
You barely miss the goblin.
The goblin is heavily wounded.
The goblin completely misses you.
You hit the goblin.
You kill the goblin!
You see here a +0 dagger.
You open the door.
Items here: )) [[.
There is an open door here.
You open the door.
There is an open door here.
Found a stone staircase leading up.
A goblin comes into view. It is wielding a +0 dagger.
A goblin is nearby!
A goblin is nearby!
The goblin shouts!
There is an open door here.
You closely miss the goblin. You bite the goblin.
The goblin is severely wounded.
The goblin misses you.
You closely miss the goblin.
The goblin is severely wounded.
The goblin barely misses you.
You hit the goblin.
You kill the goblin!
Found a dagger.
You see here a +0 dagger.
You see here a +0 dagger.
An ogre comes into view. It is wielding a +0 giant club.
An ogre is nearby!
You see here a +0 dagger.
You barely miss the ogre. The ogre hits you with a +0 giant club!
You barely miss the ogre.
The ogre hits you with a +0 giant club!!
Ouch! That really hurt!
You die...

## # ... # #.# ### #
#... ..# #######
#...##.# #.....#
#......# ###.....#
#..##### #.......#
#.O....# #...#####
#....#@########...##
#....##.............#
#.##. #####.........#
# #. #..)<.....# .
###'####### ## # #.#
... #.# #.### #.#
######
....#########.#
#....#


You could see an ogre.

Vanquished Creatures
  A jelly (D:4)
  An orc priest (D:4)
  An iguana (D:4)
  An orc wizard (D:4)
  A hound skeleton (D:4)
  A gnoll (D:1)
  3 adders
  5 dart slugs
  6 orcs
  2 bats
  3 endoplasms
  4 giant cockroaches
  6 goblins
  10 hobgoblins
  6 jackals
  3 quokkas
  4 ball pythons
  2 frilled lizards (D:2)
  9 kobolds
  3 rats
72 creatures vanquished.

Notes
Turn   | Place    | Note
-------+----------+-------------------------------------------
     0 | D:1      | SnakkuSnakku7 the Vampire Conjurer began the quest for the
                  | Orb.
     0 | D:1      | Reached XP level 1. HP: 13/13 MP: 3/3
   139 | D:1      | Reached XP level 2. HP: 19/19 MP: 5/5
   142 | D:1      | Learned a level 2 spell: Searing Ray
   346 | D:1      | Gained mutation: You are afflicted with vampirism and can
                  | become a bat while bloodless. [Vampire growth]
   346 | D:1      | Reached XP level 3. HP: 22/24 MP: 6/6
   567 | D:1      | Reached skill level 1 in Shields
   740 | D:2      | Found a faded altar of an unknown god.
  1126 | D:2      | Reached XP level 4. HP: 20/30 MP: 7/7
  1144 | D:2      | Learned a level 4 spell: Fulminant Prism
  1580 | D:3      | Found a runed translucent door.
  1580 | D:3      | Noticed Daunt's ghost (amateur DjFE)
  1588 | D:3      | Reached skill level 1 in Hexes
  1890 | D:3      | Found a basalt altar of Yredelemnul.
  2187 | D:3      | Reached skill level 2 in Hexes
  2551 | D:4      | Reached skill level 3 in Hexes
  2551 | D:4      | Reached XP level 5. HP: 23/35 MP: 8/8
  3041 | D:4      | Reached skill level 4 in Hexes
  3224 | D:4      | Noticed an ogre
  3228 | D:4      | Slain by an ogre

Illustrated notes

Levels and vault maps discovered:
D:1:      grunt_arrival_lava_bath, layout_loops_ring, minivault_14
D:2:      layout_loops_corners, dreamdust_ecumenical_altar_sealed_demon
D:3:      layout_loops_ring, lemuel_round_altar, hellmonk_ghost_happy_afterlife
D:4:      layout_basic

Skill      XL: |  1  2  3  4  5 |
---------------+----------------+-----
Conjurations   | 3 |  3.7
Shields        | 2 3 |  3.4
Hexes          | 3 4 |  4.2
Dodging        | |  2.1
Stealth        | |  3.0
Spellcasting   | |  2.0

Action                   |  1- 3 |  4- 6 || total
-------------------------+-------+-------++-------
Melee: Dagger            |    63 |   105 ||   168
       Bite              |     4 |     2 ||     6
 Cast: Magic Dart        |     1 |     4 ||     5
       Searing Ray       |       |     3 ||     3
 Stab: Sleeping          |     8 |     6 ||    14
Armor: Robe              |     5 |    17 ||    22
Dodge: Dodged            |    33 |    71 ||   104
